Match 25586503
Unlisted

Match 25586503
End
Panzerpioneer Squad
Panzerpioneer Squad
Selects Battlefield Espionage Battlegroup
Panzerpioneer Squad
Construct Light Support Kompanie
2.5-tonne Medical Truck
Panzerpioneer Squad
Fire Support Elements
le.IG 18 Mechanized Group
Pak 38 Anti-tank Gun Team
Selects Intel Disruption Beacon
Selects Plunder
Veteran Squad Leaders
Flakvierling Half-track
Vehicle Survival Package
le.IG 18 Mechanized Group
Construct Panzerarmee Kommand
Selects Firestorm
Firestorm
Tungsten Core Ammunition
Firestorm
Flak 36 Anti-tank Gun Team
Advanced Field Repairs
le.IG 18 Mechanized Group
Armored Reserves
Panzerpioneer Squad
Advanced Optics
Firestorm
Selects 250/3 Funkpanzerwagen
Selects Anti-Tank Incendiary Munitions
Selects Operation Skorpion
Firestorm
Panzer IV Assault Group
Firestorm
Emergency Repair Kits
UH|dun! ツ
UH|BluEskY
Nikki Santoro
Torchb737
WarLion
Alfen
0
0

Comments sign in to comment!

No comments posted yet!